 Dungeon Crawl Stone Soup version 0.31-a0-236-g9a0961fb85 (webtiles) character file.

Game seed: 13556740673053772902

65 qw the Shooter (level 4, 0/26 HPs)
             Began as a Gargoyle Hexslinger on July 10, 2023.
             Slain by an orc
             ... wielding a +3 dagger
              (2 damage)
             ... on level 3 of the Dungeon.
             The game lasted 00:00:41 (1793 turns).

qw the Shooter (Gargoyle Hexslinger)                Turns: 1793, Time: 00:00:41

Health: 0/26       AC: 11    Str: 12    XL:     4   Next: 14%
Magic:  5/5        EV: 10    Int: 13    God:
Gold:   142        SH:  0    Dex: 14    Spells: 4/5 levels left

rFire   . . .        Y - +2 sling
rCold   . . .        (no shield)
rNeg    + . .        h - +0 ring mail
rPois   inf          (no helmet)
rElec   +            g - +2 cloak
rCorr   .            (no gloves)
SInv    .            (no boots)
Will    .....        (no amulet)
Stlth   +            (no ring)
HPRegen 0.24/turn    (no ring)
MPRegen 0.09/turn

%: no passive effects
@: no status effects
A: sickness immunity, AC +3, negative energy resistance 1, electricity
resistance, torment resistance 1, petrification resistance
a: no special abilities


You were on level 3 of the Dungeon.
You visited 1 branch of the dungeon, and saw 3 of its levels.

You collected 142 gold pieces.


Innate Abilities, Weirdness & Mutations

You are immune to sickness and miasma.
Your stone body is resilient. (AC +3)
You are immune to poison.
You resist negative energy. (rN+)
You are resistant to electric shocks. (rElec)
You are resistant to unholy torment.
You are immune to petrification.


   Skills:
 - Level 2.2 Fighting
 + Level 3.6 Ranged Weapons
 - Level 1.1 Armour
 - Level 1.5 Dodging
 - Level 1.0 Spellcasting
 - Level 2.6 Hexes


You had 4 spell levels left.
You knew the following spells:

 Your Spells              Type           Power      Damage    Failure   Level
a - Slow                  Hex            28%        N/A       22%         1

Your spell library contained the following spells:

 Spells                   Type           Power      Damage    Failure   Level
 Inner Flame              Hex/Fire       4%         N/A       73%         3
 Portal Projectile        Hex/Tloc       8%         N/A       73%         3
 Cause Fear               Hex            3%         N/A       91%         4

Inventory:

Hand Weapons
 Y - a +2 sling (weapon)
Armour
 g - a +2 cloak (worn)
 h - a +0 ring mail (worn)
Scrolls
 e - a scroll of identify
Potions
 b - a potion of curing {unknown}
 f - a potion of mutation {unknown}
 j - a potion of invisibility {unknown}
 k - a potion of might

Dungeon Overview and Level Annotations

Branches:
Dungeon (3/15)

Altars:
Hepliaklqana


Message History

You shoot a sling bullet.
The sling bullet barely misses the orc priest.
The sling bullet hits the orc.
The orc is moderately wounded.
You hear a shout!
A kobold comes into view. It is wielding a +0 club.
You shoot a sling bullet.
The sling bullet closely misses the orc priest.
The orc priest calls upon Beogh to heal the orc.
The orc's wounds heal themselves!
You shoot a sling bullet. The sling bullet barely misses the orc.
The orc priest calls down the wrath of Beogh upon you.
Beogh smites you!
You shoot a sling bullet. The sling bullet hits the orc!
You kill the orc!
The orc hits you but does no damage.
You shoot a sling bullet.
The sling bullet closely misses the orc.
The sling bullet hits the orc priest.
The orc priest is moderately wounded.
The orc misses you.
The orc hits you with a +2 dagger of venom.
The orc completely misses you. The orc barely misses you.
You shoot a sling bullet. The sling bullet barely misses the orc.
The orc hits you but does no damage. The orc completely misses you.
You shoot a sling bullet. The sling bullet hits the orc.
The orc is almost dead.
The orc hits you but does no damage. The orc hits you with a +3 dagger.
The orc hits you but does no damage. x3; The orc closely misses you.
The orc priest begins to cast a cantrip, but forgets the words!
You shoot a sling bullet.
The sling bullet closely misses the orc.
The orc hits you but does no damage. x3
You shoot a sling bullet. The sling bullet hits the orc.
You kill the orc!
The orc hits you but does no damage. x2
You shoot a sling bullet. The sling bullet hits the orc.
The orc is moderately wounded.
The orc hits you with a +3 dagger.
You die...

#.#.#..#.#.#
##......#
#.#.####.#.#
#......#
#.#......#.#
#..[...#
########.########
########
#>........
##.####### #.###
#...# ###@#
#..ooK......
#....o......
#...........
#...........
#...........
#........)..
#.......####


You could see an orc priest, 2 orcs and a kobold.

Vanquished Creatures
  2 adders (D:2)
  2 dart slugs
  2 orcs (D:3)
  3 ball pythons
  2 endoplasms
  A goblin (D:1)
  7 hobgoblins
  4 jackals (D:2)
  2 quokkas
  2 bats (D:2)
  3 frilled lizards
  5 kobolds
  2 rats
37 creatures vanquished.

Notes
Turn   | Place    | Note
-------+----------+-------------------------------------------
     0 | D:1      | qw the Gargoyle Hexslinger began the quest for the Orb.
     0 | D:1      | Reached XP level 1. HP: 12/12 MP: 2/2
     0 | D:1      | 0 ||| qw: Version: 0.3-a-52-g30416fa
     0 | D:1      | 0 ||| qw: Game counter: 4576
     0 | D:1      | 0 ||| qw: Melee chars always use a shield: true
     0 | D:1      | 0 ||| qw: God list: Okawaru
     0 | D:1      | 0 ||| qw: Allow faded altars: false
     0 | D:1      | 0 ||| qw: Do Orc after clearing Dungeon:15 true
     0 | D:1      | 0 ||| qw: Do second Lair branch before Depths: true
     0 | D:1      | 0 ||| qw: Lair rune preference: random
     0 | D:1      | 0 ||| qw: Goals: Normal
     0 | D:1      | 0 ||| PLANNING D:1-11
    49 | D:1      | 49 ||| FLEEEEING.
    50 | D:1      | 50 ||| FLEEEEING.
   126 | D:1      | Reached XP level 2. HP: 16/16 MP: 3/3
   270 | D:1      | Reached skill level 3 in Ranged Weapons
   653 | D:1      | 653 ||| UPGRADING to +2 cloak.
   658 | D:1      | 658 ||| UPGRADING to +0 ring mail.
   668 | D:1      | 668 ||| DROPPING +0 robe.
   669 | D:1      | 669 ||| READING 2 scrolls labelled MAISEVEGUKO.
   670 | D:1      | 670 ||| READING scroll labelled PIPSIN ZAOSUPN.
   671 | D:1      | 671 ||| READING scroll labelled GAYMUA SETUN.
   672 | D:1      | 672 ||| DROPPING scroll of vulnerability.
   673 | D:1      | 673 ||| DROPPING scroll of poison.
   741 | D:2      | HP: 3/16 [quokka (4)]
   743 | D:2      | Reached XP level 3. HP: 4/21 MP: 4/4
   855 | D:2      | Reached skill level 1 in Armour
  1317 | D:2      | Reached XP level 4. HP: 26/26 MP: 5/5
  1453 | D:2      | Found a hazy altar of Hepliaklqana.
  1555 | D:2      | 1555 ||| READING scroll labelled PIETAKKIOXA.
  1556 | D:2      | 1556 ||| READING scroll labelled JES FIOTEAR.
  1576 | D:2      | 1576 ||| READING scroll labelled IJIRHA LIREOXE.
  1677 | D:2      | 1677 ||| READING 2 scrolls labelled BOARIKKISSOP.
  1678 | D:2      | 1678 ||| READING scroll labelled SUNAMA WIRPHOU.
  1679 | D:2      | 1679 ||| DRINKING 2 metallic yellow potions.
  1710 | D:3      | Found a faded altar of an unknown god.
  1786 | D:3      | HP: 6/26 [orc priest/divine providence (11)]
  1790 | D:3      | HP: 1/26 [orc/+3 dagger (3)]
  1793 | D:3      | Slain by an orc

Levels and vault maps discovered:
D:1:      shiori_arrival_elements, layout_basic
D:2:      layout_basic, basic_altar, roderic_filled_cross
D:3:      layout_basic, nicolae_overflow_ecumenical_swirl, serial_shops,
          nicolae_shop_dealshenge, ebering_ecumenical_altar_petrified

Skill      XL: |  1  2  3 |
---------------+----------+-----
Ranged Weapons | 3 |  3.6
Fighting       | 2 |  2.2
Armour         | 1 |  1.1
Dodging        | |  1.5
Spellcasting   | |  1.0
Hexes          | |  2.6

Action                     |  1- 3 |  4- 6 || total
---------------------------+-------+-------++-------
   Fire: Sling             |   121 |    28 ||   149
    Use: Scroll            |     3 |     5 ||     8
         Potion            |       |     1 ||     1
 Armour: Robe              |    10 |       ||    10
         Ring mail         |    38 |    23 ||    61
  Dodge: Dodged            |    55 |    20 ||    75

Table legend:
 A = Non-vault XP
 B = Vault XP
 C = Vault XP percentage of total XP
 D = Non-vault monster count
 E = Vault monster count
 F = Vault count percentage of total count
                 A         B        C        D         E       F
            +---------+---------+-------+---------+---------+-------
      Total |      94 |       0 |   0.0 |      37 |       0 |   0.0
            +---------+---------+-------+---------+---------+-------
        D:1 |      26 |       0 |   0.0 |      14 |       0 |   0.0
        D:2 |      62 |       0 |   0.0 |      21 |       0 |   0.0
        D:3 |       6 |       0 |   0.0 |       2 |       0 |   0.0
            +---------+---------+-------+---------+---------+-------
